 Dungeon Crawl Stone Soup version 0.19-a0-630-g098d46c (webtiles) character file.

142 FrankyJ the Ducker (level 5, -7/33 HPs)
             Began as a High Elf Fire Elementalist on June 13, 2016.
             Mangled by a mummy (14 damage)
             ... on level 4 of the Dungeon.
             The game lasted 00:12:23 (3951 turns).

FrankyJ the Ducker (High Elf Fire Elementalist)     Turns: 3951, Time: 00:12:24

Health: -7/33      AC:  2    Str:  8    XL:     5   Next: 3%
Magic:  0/9        EV: 15    Int: 18    God:
Gold:   154        SH:  0    Dex: 16    Spells: 1 memorised, 8 levels left

rFire  . . .     SeeInvis .     f - +0 dagger
rCold  + . .     Gourm    .     a - +0 robe
rNeg   . . .     Faith    .     (no shield)
rPois  .         Spirit   .     (no helmet)
rElec  .         Dismiss  .     (no cloak)
rCorr  .         Reflect  .     (no gloves)
SustAt .         Harm     .     (no boots)
MR     .....                    (no amulet)
Stlth  ++........               (no ring)
                                g - ring of protection from cold

@: not resistant to hostile enchantments, unstealthy
A: no striking features
a: no special abilities


You were on level 4 of the Dungeon.
You were not hungry.

You visited 1 branch of the dungeon, and saw 4 of its levels.
You also visited: Ossuary.

You collected 154 gold pieces.

Inventory:

Hand Weapons
 d - a +2 spear of venom
 f - a +0 dagger (weapon)
Armour
 a - a +0 robe (worn)
Jewellery
 g - a ring of protection from cold (left hand)
Wands
 q - a wand of slowing (18/48)
Scrolls
 e - 2 scrolls of identify
 k - a scroll of amnesia {unknown}
 l - a scroll of noise {unknown}
 r - 3 scrolls of enchant weapon {unknown}
 s - a scroll of enchant armour {unknown}
Potions
 i - 2 potions of curing
 m - a potion of mutation {unknown}
 n - a potion of degeneration {unknown}
 o - a potion of heal wounds {unknown}
 p - a potion of magic {unknown}
 t - a potion of lignification {unknown}
Books
 b - a book of Flames

   Spells                             Type                      Level
   a - Flame Tongue                   Conjuration/Fire             1
   b - Throw Flame                    Conjuration/Fire             2
   c - Conjure Flame                  Conjuration/Fire             3
   d - Inner Flame                    Hexes/Fire                   3
   e - Sticky Flame                   Conjuration/Fire             4
   f - Fireball                       Conjuration/Fire             5
Comestibles
 c - 3 bread rations
 h - a meat ration
 j - 2 chunks of flesh


   Skills:
 - Level 1.2 Fighting
 + Level 1.2 Short Blades
 + Level 5.2 Dodging
 - Level 2.1 Stealth
 + Level 2.6 Spellcasting
 - Level 1.1 Conjurations
 - Level 3.0 Fire Magic
 + Level 0.2 Evocations


You had 8 spell levels left.
You knew the following spells:

 Your Spells              Type           Power        Failure   Level  Hunger
a - Flame Tongue          Conj/Fire      #....        10%         1    #......


Dungeon Overview and Level Annotations

Branches:
Dungeon (4/15)
 Temple: D:4-7

Altars:
Cheibriados
Vehumet

Annotations:
D:1 Terence
D:2 exclusion: downstairs
D:3 Natasha


Message History

Confirm with . or Enter, or press ? or * to list all spells.
Aiming: Flame Tongue
Press: ? - help, Shift-Dir - straight line, f - mummy
Aim: a mummy (lightly damaged)
The flame tongue hits the mummy.
The mummy is lightly damaged.
The mummy hits you!
* * * LOW HITPOINT WARNING * * *
Your magical contamination has completely faded away.
There is a gate leading back out of this place here.
You feel better.
Casting: Flame Tongue
Confirm with . or Enter, or press ? or * to list all spells.
You don't have enough magic to cast that spell.
Unknown command.
Unknown command.
Welcome back to the Dungeon!
There is a collapsed entrance here.
The mummy hits you!
You die...

##. ... ...
#######.#
#.....#..
#.@M..#.######.#
#.#.#.#........#
#.#.#.#...#
#..###.###...#
#..........#......
#############..#.>
#.>. ###. .


You could see a mummy.

Vanquished Creatures
  2 mummies (Ossuary)
  A gnoll (D:1)
  4 adders
  An ooze (D:3)
  2 worms (D:2)
  2 dart slugs
  3 giant geckos
  A ball python (D:1)
  3 giant cockroaches
  5 goblins
  4 hobgoblins (D:2)
  11 jackals
  4 kobolds
  A quokka (D:2)
  2 bats (D:2)
  2 giant newts (D:1)
  3 rats
  2 rat zombies (D:4)
53 creatures vanquished.

Notes
Turn   | Place    | Note
--------------------------------------------------------------
     0 | D:1      | FrankyJ the High Elf Fire Elementalist began the quest for the Orb.
     0 | D:1      | Reached XP level 1. HP: 11/11 MP: 4/4
   569 | D:1      | Reached skill level 3 in Dodging
   616 | D:1      | Reached XP level 2. HP: 6/17 MP: 1/6
  1371 | D:1      | Reached skill level 4 in Dodging
  1371 | D:1      | Reached XP level 3. HP: 21/21 MP: 3/7
  1799 | D:2      | Found a radiant altar of Vehumet.
  2031 | D:2      | Reached XP level 4. HP: 20/27 MP: 6/8
  2321 | D:2      | Found a snail-covered altar of Cheibriados.
  2641 | D:2      | Reached skill level 1 in Fighting
  2968 | D:3      | Noticed Natasha
  3235 | D:3      | Noticed Terence
  3832 | D:3      | Reached skill level 1 in Short Blades
  3894 | D:3      | You fall through a shaft!
  3898 | D:4      | Found a sand-covered staircase.
  3917 | D:4      | Reached skill level 5 in Dodging
  3924 | Ossuary  | Entered an ossuary
  3937 | Ossuary  | Reached XP level 5. HP: 20/33 MP: 0/9
  3946 | Ossuary  | HP: 1/33 [mummy (14)]
  3951 | D:4      | Mangled by a mummy

Vault maps used:
D:1:      dpeg_arrival_pond
D:2:      kennysheep_slug_shrine, nicolae_overflow_hidden_temple,
          minmay_misc_feat_rows
D:3:      first_bread, uniq_iyjb, uniq_terence, uniq_natasha
D:4:      old_standard_altar, gammafunk_temple_overflow_forgotten,
          minmay_temple_entry_mist, enter_ossuary_4
Ossuary:  ossuary_minmay_chase

Skill      XL: |  1  2  3  4 |
---------------+-------------+-----
Dodging        | 3 4 5 |  5.2
Fighting       | 1 |  1.2
Short Blades   | 1 |  1.2
Stealth        | |  2.1
Spellcasting   | |  2.6
Conjurations   | |  1.1
Fire Magic     | |  3.0
Evocations     | |  0.2

Action                   |  1- 3 |  4- 6 || total
-------------------------+-------+-------++-------
Melee: Dagger            |    41 |    23 ||    64
 Cast: Flame Tongue      |    72 |    61 ||   133
Evoke: Wand              |       |     4 ||     4
  Use: Scroll            |     2 |       ||     2
       Potion            |       |     1 ||     1
 Stab: Sleeping          |       |     2 ||     2
  Eat: Chunk             |     4 |     4 ||     8
       Meat ration       |       |     1 ||     1
Armor: Robe              |    11 |     3 ||    14
Dodge: Dodged            |    88 |    35 ||   123
